Map: Lerilak Crest

Players

Soundwave - Winner!

  • Race: Zerg Zerg

A.I. 1 (Harder)

  • Race: Terran Terran

VOD

Have the link to the VOD?

Description

Time

  • Played on: Nov. 16, 2015, 5:06 a.m.
  • Length: 15:15
Show
View Real Time Build Order
Export as new Build Order

Soundwave Zerg - Winner!

Build Orders: Hatch First, Lurkers 

Get SALT Encoding   

  12  0:20  Drone  
  12  0:21  Drone  
  14  0:41  Overlord x2  
  14  1:01  Drone x2  
  16  1:04  Extractor  
  16  1:07  Extractor  
  14  1:27  Hatchery  
  14  1:28  Drone x2  
  14  1:29  Drone  
  16  1:46  Drone  
  17  1:54  Spawning Pool  
  16  1:56  Drone  
  17  2:07  Drone  
  18  2:19  Drone  
  19  2:26  Drone  
  20  2:48  Drone x3  
  20  2:50  Queen x2  
  27  2:59  Drone x2  
  29  3:11  Evolution Chamber  
  28  3:21  Drone x2  
  28  3:22  Drone x2  
  32  3:27  Spine Crawler  
  31  3:51  Zerg Melee Weapons Level 1  
  31  3:52  Zergling x10  
  36  3:56  Overlord  
  36  4:07  Overlord x2  
  36  4:21  Hatchery  
  35  4:25  Lair  
  35  4:30  Drone x5  
  40  4:35  Spine Crawler  
  39  4:41  Queen  
  39  4:45  Drone x2  
  43  4:46  Drone  
  44  4:53  Drone x3  
  47  5:03  Evolution Chamber  
  47  5:04  Zergling x6  
  47  5:05  Zergling x2  
  50  5:28  Drone x4  
  52  5:29  Drone x2  
  52  5:31  Extractor  
  52  5:33  Queen, Extractor  
  56  5:58  Zerg Ground Armor Level 1  
  50  6:07  Hydralisk Den  
  48  6:15  Spine Crawler  
  48  6:17  Spine Crawler  
  46  6:23  Zergling x8  
  46  6:24  Zergling x14  
  46  6:25  Zergling x4  
  54  6:43  Hydralisk x7  
  54  6:44  Hydralisk x2  
  60  6:55  Drone  
  60  6:57  Zergling x2  
  60  6:58  Zergling x2  
  55  7:11  Hydralisk x3, Zergling x2  
  55  7:12  Hydralisk x2  
  57  7:22  Hydralisk, Zergling x4  
  61  7:32  Zergling x4  
  62  7:37  Metabolic Boost  
  62  7:47  Queen  
  62  7:51  Zergling x2  
  65  7:54  Overlord x3  
  65  8:22  Muscular Augments  
  65  8:23  Zerg Missile Weapons Level 1, Queen  
  67  8:40  Zerg Melee Weapons Level 2  
  67  8:43  Hydralisk x4  
  67  8:44  Hydralisk  
  77  8:58  Infestation Pit  
  76  9:04  Drone x4  
  80  9:31  Hydralisk  
  80  9:32  Hydralisk x3  
  80  9:33  Hydralisk  
  90  9:44  Overlord x4  
  90  9:48  Overseer  
  90  10:23  Lurker Den  
  90  10:25  Hive  
  90  10:28  Burrow  
  90  10:30  Zerg Missile Weapons Level 2  
  90  10:32  Hydralisk x3  
  94  10:49  Hydralisk x3  
  88  10:55  Queen  
  88  10:56  Zerg Ground Armor Level 2  
  90  11:22  Drone  
  90  11:23  Drone x6  
  90  11:24  Drone  
  99  11:40  Drone x7  
  99  11:41  Drone x2  
  99  11:44  Extractor  
  106  11:55  Lurker x4  
  106  11:56  Lurker x3  
  106  11:57  Lurker  
  114  12:02  Zergling x8  
  114  12:03  Zergling x2  
  119  12:14  Extractor  
  118  12:17  Overlord x4  
  118  12:20  Overseer  
  101  13:20  Hydralisk x2  
  101  13:21  Hydralisk x7  
  101  13:22  Hydralisk x7  
  128  13:52  Hydralisk  
  128  13:53  Hydralisk x6  
  128  13:54  Hydralisk  
  144  13:59  Lurker x2  
  144  14:01  Overlord  
  146  14:47  Hatchery  
  146  14:48  Extractor  
  146  14:50  Extractor  
Show
View Real Time Build Order
Export as new Build Order

A.I. 1 (Harder) Terran 

Build Orders: Bio Tank, MMM Bio 

Get SALT Encoding   

  12  0:00  SCV  
  13  0:13  SCV  
  14  0:19  Supply Depot  
  14  0:25  SCV  
  15  0:40  SCV  
  16  0:43  Barracks  
  16  0:49  Refinery  
  16  0:52  SCV  
  17  1:04  SCV  
  18  1:17  SCV  
  19  1:21  Supply Depot  
  19  1:29  SCV, Marine  
  21  1:42  Barracks, Orbital Command  
  21  1:48  Barracks Tech Lab, Refinery  
  21  2:06  Supply Depot, Marine  
  22  2:24  Marauder  
  22  2:28  Marine  
  25  2:31  Factory  
  25  2:45  Marine  
  25  2:49  Marine  
  27  3:03  Marine  
  27  3:05  Supply Depot  
  28  3:07  Marine  
  29  3:19  Starport  
  29  3:21  Marine  
  30  3:34  SCV  
  31  3:39  Marauder  
  33  3:42  Supply Depot  
  33  3:46  SCV  
  34  3:57  Engineering Bay, Starport Tech Lab  
  34  3:58  SCV  
  34  4:00  Marauder  
  37  4:10  SCV  
  38  4:22  SCV, Marauder  
  41  4:25  Banshee  
  44  4:34  SCV  
  45  5:08  Banshee  
  48  5:58  Barracks Tech Lab, Viking  
  48  5:59  Stimpack  
  48  6:02  Factory Tech Lab, Factory  
  49  6:04  Terran Infantry Weapons Level 1  
  49  6:05  Starport  
  49  6:07  Command Center, Missile Turret  
  49  6:08  Missile Turret  
  49  6:10  Supply Depot  
  49  6:15  Combat Shields  
  49  6:22  Siege Tank  
  52  6:28  Bunker  
  51  6:43  Starport Tech Lab  
  51  6:45  Factory Tech Lab  
  51  6:47  Marine  
  50  6:56  Marine  
  47  7:06  Siege Tank  
  50  7:12  Barracks  
  50  7:15  Marine  
  51  7:19  Supply Depot  
  51  7:20  SCV x2  
  51  7:21  Refinery  
  53  7:24  Marine  
  54  7:30  Missile Turret  
  54  7:32  SCV x2, Missile Turret  
  54  7:33  Marine  
  54  7:34  Refinery, Concussive Shells  
  57  7:43  Marine  
  58  7:44  SCV x2  
  60  7:52  Cyclone  
  60  7:56  SCV, Bunker  
  60  7:57  SCV  
  65  7:59  Terran Infantry Armor Level 1  
  65  8:01  Viking  
  65  8:02  Raven  
  69  8:08  SCV  
  69  8:09  SCV  
  71  8:20  SCV  
  71  8:21  SCV  
  73  8:31  Raven  
  73  8:32  SCV  
  73  8:33  SCV  
  77  8:35  Sensor Tower  
  77  8:37  Supply Depot  
  77  8:41  Armory  
  77  8:44  SCV  
  77  8:45  Barracks Reactor, SCV  
  79  8:57  SCV x2  
  81  10:26  Hellion, Medivac  
  85  10:31  Hellion  
  85  10:33  Factory  
  85  10:34  Command Center  
  87  10:36  Starport  
  87  10:37  Supply Depot  
  87  10:42  Medivac  
  89  10:46  Marine  
  89  10:47  Siege Tank  
  71  10:50  Marine  
  71  10:54  Marine  
  71  10:56  Raven  
  66  10:59  Marine  
  66  11:02  Supply Depot  
  66  11:04  Marine  
  67  11:08  Marine  
  69  11:12  Marine, Starport Reactor, Medivac  
  69  11:16  Factory Tech Lab  
  72  11:20  Marine  
  72  11:22  Marine  
  74  11:26  Marine  
  74  11:27  Supply Depot  
  74  11:30  Marine  
  76  11:38  Hellion, Marine  
  79  11:42  Hellion  
  79  11:46  Siege Tank  
  85  11:47  SCV x3, Terran Infantry Weapons Level 2  
  87  11:57  Refinery  
  87  11:59  SCV, Siege Tank, Missile Turret  
  87  12:00  SCV x2  
  93  12:02  Missile Turret  
  93  12:03  Refinery  
  93  12:04  Siege Tank  
  96  12:11  SCV  
  96  12:12  SCV  
  96  12:13  SCV  
  99  12:18  Infernal Pre-Igniter  
  99  12:19  Siege Tank  
  102  12:23  SCV, Bunker  
  102  12:24  SCV  
  102  12:26  SCV  
  102  12:28  Terran Vehicle Weapons Level 1  
  105  12:31  Siege Tank  
  105  12:32  Engineering Bay  
  105  12:35  SCV  
  105  12:36  Siege Tank  
  112  12:37  SCV  
  112  12:38  SCV  
  113  12:47  SCV  
  113  12:48  Command Center, Ghost Academy  
  113  12:49  SCV  
  113  12:51  Siege Tank  
  106  12:56  Viking, Marine x2  
  106  12:58  Marine  
  87  13:00  Marine  
  69  13:13  Hellion  
  69  13:14  Marine  
  69  13:17  Marine  
  16  14:07  SCV  
  15  14:11  SCV  
  15  14:12  SCV  
  18  14:24  SCV, Viking, Marine  
  19  14:34  SCV x2  
  20  14:43  Command Center  
  18  14:46  SCV x2  
  20  14:58  SCV  
  20  14:59  SCV  
Tags
 
Add a new tag
Caveats
  • Supply blocks, unpowered buildings, or Contaminate may cause inaccurate times.
  • Supply counts are checked every 10 seconds.